 Dungeon Crawl Stone Soup version 0.21.1-1-g345015fe64 (webtiles) character file.

194 Perunarutto the Shooter (level 5, 0/44 HPs)
             Began as a Centaur Hunter on May 8, 2018.
             Succumbed to an adder's poison
             ... on level 2 of the Dungeon on May 9, 2018.
             The game lasted 00:19:28 (2661 turns).

Perunarutto the Shooter (Centaur Hunter)            Turns: 2661, Time: 00:19:32

Health: 0/44       AC:  5    Str: 15    XL:     5   Next: 44%
Magic:  5/5        EV:  9    Int: 10    God:
Gold:   131        SH:  0    Dex: 10    Spells: 4/4 levels left

rFire    . . .     SeeInvis .   b - +0 short sword
rCold    . . .     Gourm    .   (no shield)
rNeg     . . .     Faith    .   c - +1 leather armour
rPois    .         Spirit   .   (no helmet)
rElec    .         Reflect  .   (no cloak)
rCorr    .         Harm     .   (no gloves)
MR       .....                  (no barding)
Stlth    +.........             (no amulet)
HPRegen  0.14/turn              j - ring of flight
MPRegen  0.09/turn              (no ring)

@: lethally poisoned (0 -> -13), very quick
A: large, hooves 3, deformed body, speed 2, tough skin 3
a: Evoke Flight


You were on level 2 of the Dungeon.
You were not hungry.

You visited 1 branch of the dungeon, and saw 3 of its levels.

You collected 131 gold pieces.

Inventory:

Hand Weapons
 a - a +1 shortbow
 b - a +0 short sword (weapon)
Missiles
 d - 6 arrows
Armour
 c - a +1 leather armour (worn)
Jewellery
 j - a ring of flight (left hand)
 p - an uncursed ring of protection from magic {unknown}
Scrolls
 e - 2 scrolls of teleportation
 g - a scroll of enchant weapon {unknown}
 k - 2 scrolls of immolation
 l - a scroll of remove curse {unknown}
 m - a scroll of identify
Potions
 h - 2 potions of heal wounds {unknown}
 n - a potion of might {unknown}
 o - a potion of haste {unknown}
 q - a potion of lignification {unknown}
Comestibles
 f - 5 rations


   Skills:
 + Level 2.8 Fighting
 + Level 0.2 Short Blades
 + Level 7.4 Bows
 + Level 1.3 Armour
 + Level 1.9 Dodging
 + Level 0.5 Stealth


You had 4 spell levels left.
You didn't know any spells.

Dungeon Overview and Level Annotations

Branches:
Dungeon (3/15)

Altars:
Fedhas


Innate Abilities, Weirdness & Mutations

You have hooves in place of feet.
Armour fits poorly on your strangely shaped body.
You cover ground very quickly.
You have extremely tough skin. (AC +3)


Message History

An adder comes into view.
The adder hisses angrily.
The kobold shoots a poisoned needle.
The poisoned needle hits you!
You are more poisoned.
You see here a poisoned needle.
You feel sick.
Found a club.
You see here a poisoned needle.
The adder bites you.
* * * LOW HITPOINT WARNING * * *
There is an escape hatch in the ceiling here.
You can't go down here!
* * * LOW HITPOINT WARNING * * *
You feel sick. The adder bites you.
* * * LOW HITPOINT WARNING * * *
You are more poisoned.
The adder poisons you! The adder bites you.
* * * LOW HITPOINT WARNING * * *
A mysterious force pulls you upwards. The hatch slams shut behind you.
You die...

#.....##.# #.# #.# #.######.# #.#
#.# #.######.# ##'## ######.###
#........###...###........#
#.#########.....##.###....#
#.#.## ##.......#.#...#..#
###....####..........#......#####
#.........+...............<......
#.#)...####....S@...........#####
#...#.## ##.......####.#.###
##.#### ##.....## #.### #.#
##...## #.# #.# ##'## #.# #.# #.#
#.# ##.#### #.# #.# ......#
##.### #.# ##.##.####
##...<#####.#


You could see an adder.

Vanquished Creatures
  Jessica (D:2)
  6 adders
  3 gnolls (D:3)
  An ooze (D:2)
  A worm (D:2)
  A dart slug (D:2)
  2 leopard geckos
  3 orcs (D:3)
  A giant cockroach (D:1)
  8 hobgoblins
  18 jackals
  2 quokkas (D:2)
  4 bats
  3 frilled lizards
  6 goblins
  6 kobolds
  4 rats
  A plant (D:3)
71 creatures vanquished.

Notes
Turn   | Place    | Note
-------+----------+-------------------------------------------
     0 | D:1      | Perunarutto the Centaur Hunter began the quest for the Orb.
     0 | D:1      | Reached XP level 1. HP: 17/17 MP: 1/1
   300 | D:1      | Reached XP level 2. HP: 24/24 MP: 2/2
   621 | D:1      | Reached skill level 6 in Bows
   725 | D:2      | Found a faded altar of an unknown god.
   922 | D:2      | Reached XP level 3. HP: 15/29 MP: 3/3
  1548 | D:2      | Noticed Jessica
  1572 | D:2      | Killed Jessica
  1572 | D:2      | Reached skill level 7 in Bows
  1572 | D:2      | Reached XP level 4. HP: 26/37 MP: 4/4
  2434 | D:3      | Reached XP level 5. HP: 26/44 MP: 5/5
  2438 | D:3      | Reached skill level 1 in Armour
  2619 | D:3      | Found a blossoming altar of Fedhas.
  2660 | D:3      | HP: 2/44 [adder (3)]
  2661 | D:2      | Succumbed to an adder's poison

Skill      XL: |  1  2  3  4  5 |
---------------+----------------+-----
Bows           | 6 7 |  7.4
Armour         | 1 |  1.3
Fighting       | |  2.8
Short Blades   | |  0.2
Dodging        | |  1.9
Stealth        | |  0.5

Action                   |  1- 3 |  4- 6 || total
-------------------------+-------+-------++-------
Melee: Short sword       |     2 |   170 ||   172
       Kick              |       |    42 ||    42
 Fire: Shortbow          |   109 |     7 ||   116
 Abil: Evoke Flight      |       |     1 ||     1
  Use: Scroll            |     1 |     4 ||     5
       Potion            |       |     4 ||     4
  Eat: Ration            |     1 |       ||     1
       Chunk             |       |     1 ||     1
Armor: Leather armour    |     9 |    60 ||    69
Dodge: Dodged            |    15 |    82 ||    97
